 Dungeon Crawl Stone Soup version 0.30.1-4-g462c640d31 (webtiles) character file.

Game seed: 5543981486492483631

145 Arctor the Firebug (level 5, -3/28 HPs)
             Began as a Gargoyle Fire Elementalist on Aug 27, 2023.
             Slain by a lemure (5 damage)
             ... led by Pikel
             ... on level 3 of the Dungeon.
             The game lasted 00:06:48 (3282 turns).

Arctor the Firebug (Gargoyle Fire Elementalist)     Turns: 3282, Time: 00:06:49

Health: -3/28      AC: 11    Str: 12    XL:     5   Next: 27%
Magic:  4/9        EV: 12    Int: 17    God:
Gold:   260        SH:  0    Dex: 10    Spells: 6/9 levels left

rFire   + . .        g - +2 dagger (speed)
rCold   . . .        (no shield)
rNeg    + . .        a - +0 robe
rPois   ∞            q - +0 helmet
rElec   +            (no cloak)
rCorr   .            (no gloves)
SInv    .            (no boots)
Will    .....        (no amulet)
Stlth   ++           m - +4 ring of protection
HPRegen 0.24/turn    l - ring of protection from fire
MPRegen 0.11/turn

%: no passive effects
@: no status effects
A: sickness immunity, AC +4, negative energy resistance 1, electricity
resistance, torment resistance 1, petrification resistance
a: no special abilities


You were on level 3 of the Dungeon.
You visited 1 branch of the dungeon, and saw 4 of its levels.

You collected 260 gold pieces.

Inventory:

Hand Weapons
 g - a +2 dagger of speed (weapon)
Armour
 a - a +0 robe (worn)
 q - a +0 helmet (worn)
Jewellery
 l - a ring of protection from fire (right hand)
 m - a +4 ring of protection (left hand)
Wands
 d - a wand of flame (15)
Scrolls
 f - 2 scrolls of magic mapping
 h - 4 scrolls of teleportation
 i - 3 scrolls of identify
 o - a scroll of vulnerability {unknown}
Potions
 b - a potion of magic
 c - a potion of heal wounds
 k - 5 potions of degeneration
 n - 2 potions of invisibility {unknown}
 p - a potion of attraction {unknown}


   Skills:
 + Level 2.3 Dodging
 + Level 3.3 Stealth
 + Level 2.7 Spellcasting
 + Level 2.5 Conjurations
 + Level 3.7 Fire Magic


You had 6 spell levels left.
You knew the following spells:

 Your Spells              Type           Power      Damage    Failure   Level
a - Foxfire               Conj/Fire      52%        2x1d6     4%          1
b - Scorch                Fire           30%        2d6       6%          2

Your spell library contained the following spells:

 Spells                   Type           Power      Damage    Failure   Level
 Searing Ray              Conj           20%        2d5       10%         2
 Shock                    Conj/Air       24%        1d4       11%         1
 Inner Flame              Hex/Fire       8%         N/A       26%         3
 Volatile Blastmotes      Fire/Tloc      16%        2d11      26%         3
 Dazzling Flash           Conj/Hex       12%        N/A       32%         3
 Flame Wave               Conj/Fire      13%        2d6       45%         4
 Sticky Flame             Conj/Fire      13%        2d4       45%         4
 Ozocubu's Armour         Ice            2%         N/A       47%         3
 Fireball                 Conj/Fire      6%         3d5       80%         5
 Summon Lightning Spire   Summ/Air       2%         N/A       87%         4
 Freezing Cloud           Conj/Ice/Air   2%         6-21      98%         5
 Metabolic Englaciation   Hex/Ice        1%         N/A       99%         5
 Plasma Beam              Fire/Air       4%         2x1d15    100%        6
 Simulacrum               Ice/Necr       1%         N/A       100%        6
 Starburst                Conj/Fire      6%         6d4       100%        6
 Chain Lightning          Conj/Air       3%         3d4       100%        9


Dungeon Overview and Level Annotations

Branches:
Dungeon (4/15)
 Temple: D:4-7

Altars:

Shops:
D:1 (

Annotations:
D:3 2 transporters, Pikel; rozman's ghost, amateur TeFE


Innate Abilities, Weirdness & Mutations

You are immune to sickness and miasma.
Your stone body is resilient. (AC +4)
You are immune to poison.
You resist negative energy. (rN+)
You are resistant to electric shocks. (rElec)
You are resistant to unholy torment.
You are immune to petrification.


Message History

You hit the lemure but do no damage.
The lemure is moderately wounded.
The lemure is no longer more vulnerable to fire.
The lemure hits you. The lemure hits you but does no damage.
You closely miss the lemure.
The lemure is moderately wounded.
You barely miss the lemure.
The lemure is moderately wounded.
The lemure hits you. x2
You barely miss the lemure.
The lemure is moderately wounded.
The lemure completely misses you. The lemure closely misses you.
You closely miss the lemure.
The lemure is moderately wounded.
You barely miss the lemure.
The lemure is moderately wounded.
The lemure barely misses you. The lemure hits you but does no damage.
You hit the lemure but do no damage.
The lemure is moderately wounded.
The lemure misses you. The lemure hits you but does no damage.
You hit the lemure but do no damage.
The lemure is moderately wounded.
You hit the lemure.
The lemure is heavily wounded.
The lemure hits you. The lemure barely misses you.
You hit the lemure but do no damage.
The lemure is heavily wounded.
The lemure closely misses you. x2
You hit the lemure but do no damage.
The lemure is heavily wounded.
You barely miss the lemure.
The lemure is heavily wounded.
The lemure hits you.
* * * LOW HITPOINT WARNING * * *
The lemure hits you.
* * * LOW HITPOINT WARNING * * *
You hit the lemure.
The lemure is heavily wounded.
The lemure hits you but does no damage. The lemure hits you.
You die...

..>.........#.# #.#
#####..######.##### #.# #..#
#.#...## #.# #..#
#..###.####.### ### ##..# #..#
#....<...# #.. ##.#.##
#..###.###.##.#####.# ##.###.##
#.#...## #.##........ ##.##
##.####.##5## #.########.# #.##
##......5@# #.# ######.# ##.##
##..###.#### #.###...<...
##.###.##.##.########.##.......#
#..#..#..##.......#...#..######
###....#.#.########..#.#...#
.....#.#.#.# #..........#
####.#.#.#.## #.#.†#.#.#.#
#.#.#....#####.#.#...##.#
#..............#.##.###.#


You could see 2 lemures.

Vanquished Creatures
  Terence (D:3)
  4 gnolls (D:3)
  2 adders
  2 dart slugs
  4 ball pythons
  7 endoplasms
  2 giant cockroaches
  8 goblins
  3 hobgoblins
  7 jackals
  6 kobolds
  6 bats
  3 frilled lizards
  4 rats
59 creatures vanquished.

Vanquished Creatures (others)
  42 foxfires
42 creatures vanquished.

Grand Total: 101 creatures vanquished

Notes
Turn   | Place    | Note
-------+----------+-------------------------------------------
     0 | D:1      | Arctor the Gargoyle Fire Elementalist began the quest for
                  | the Orb.
     0 | D:1      | Reached XP level 1. HP: 10/10 MP: 3/3
    34 | D:1      | Found Wiphoh's Weapon Emporium.
    34 | D:1      | Noticed a +0 executioner's axe
    36 | D:1      | Noticed a +0 bardiche
   330 | D:1      | Reached XP level 2. HP: 13/15 MP: 5/5
   479 | D:1      | Learned a level 2 spell: Scorch
  1151 | D:2      | Reached XP level 3. HP: 19/19 MP: 6/6
  1913 | D:2      | Reached XP level 4. HP: 20/24 MP: 0/7
  2113 | D:3      | Identified a scroll of acquirement
  2116 | D:3      | Acquired the Secrets of Vehement Aeromancy
  2116 | D:3      | Found a transporter.
  2116 | D:3      | Found a transporter.
  2116 | D:3      | Noticed rozman's ghost (amateur TeFE)
  2187 | D:3      | Found a faded altar of an unknown god.
  2501 | D:3      | Reached XP level 5. HP: 28/28 MP: 9/9
  2842 | D:3      | Noticed Terence
  2913 | D:3      | Killed Terence
  3152 | D:4      | Noticed Pikel
  3152 | D:4      | Noticed a lemure
  3152 | D:4      | Noticed a lemure
  3152 | D:4      | Noticed a lemure
  3152 | D:4      | Noticed a lemure
  3282 | D:3      | Slain by a lemure

Illustrated notes

Levels and vault maps discovered:
D:1:      mrwooster_arrival_statue, layout_loops_ring, serial_shops,
          nicolae_shop_mannequins, minmay_tetromino_l2
D:2:      layout_basic, item_on_display_a
D:3:      minmay_wonky_spiral, layout_loops_ring, ebering_ecumenical_altar_box,
          gammafunk_ghost_arena, uniq_terence
D:4:      layout_loops_cross, mrwooster_statue_mirror,
          chequers_serial_rivers_large_a, roderic_roman_lattice, uniq_pikel

Skill      XL: |  1  2  3  4 |
---------------+-------------+-----
Dodging        | 2 |  2.3
Conjurations   | 2 |  2.5
Stealth        | 3 |  3.3
Spellcasting   | |  2.7
Fire Magic     | |  3.7

Action                     |  1- 3 |  4- 6 || total
---------------------------+-------+-------++-------
  Melee: Unarmed           |    10 |       ||    10
         Dagger            |   108 |   106 ||   214
         Punch             |     2 |       ||     2
   Cast: Foxfire           |    20 |    21 ||    41
         Scorch            |     2 |     9 ||    11
    Use: Scroll            |     3 |     8 ||    11
         Potion            |       |     1 ||     1
   Stab: Sleeping          |       |     4 ||     4
 Armour: Robe              |    37 |    37 ||    74
  Dodge: Dodged            |    64 |    58 ||   122
